 Dungeon Crawl Stone Soup version 0.22-a0-247-gbddf880757 (webtiles) character file.

28641 Peterchen the Executioner (level 13, -2/95 HPs)
             Began as a Minotaur Berserker on Feb 25, 2018.
             Was a High Priest of Trog.
             Killed from afar by a starcursed mass (6 damage)
             ... with an accursed screaming
             ... on level 1 of the Abyss.
             The game lasted 00:38:01 (13155 turns).

Peterchen the Executioner (Minotaur Berserker)     Turns: 13155, Time: 00:38:02

Health: -2/95      AC: 22    Str: 27    XL:     13   Next: 10%
Magic:  12/12      EV:  8    Int:  4    God:    Trog [*****.]
Gold:   806        SH:  0    Dex: 14    Spells: 12/12 levels left

rFire    . . .     SeeInvis .   B - +0 battleaxe
rCold    . . .     Gourm    .   (shield currently unavailable)
rNeg     . . .     Faith    .   i - +0 plate armour
rPois    .         Spirit   .   (helmet restricted)
rElec    .         Reflect  .   a - +1 cloak
rCorr    .         Harm     .   K - +0 pair of gloves
MR       .....                  s - +0 pair of boots
Stlth    ..........             (no amulet)
HPRegen  0.25/turn              b - +5 ring of protection
MPRegen  0.13/turn              E - +4 ring of dexterity

@: berserk cooldown, very slightly contaminated, slowed, very slow
A: retaliatory headbutt, horns 2
a: Berserk, Trog's Hand, Brothers in Arms, Renounce Religion


You were on level 1 of the Abyss.
You worshipped Trog.
Trog was extremely pleased with you.
You were hungry.

You visited 1 branch of the dungeon, and saw 14 of its levels.
You visited the Abyss 1 time.
You also visited: Sewer.

You collected 806 gold pieces.

Inventory:

Hand Weapons
 B - a +0 battleaxe (weapon)
Missiles
 H - 6 javelins of penetration (quivered)
Armour
 a - a +1 cloak (worn)
 i - a +0 plate armour (worn)
 s - a +0 pair of boots (worn)
 K - a +0 pair of gloves (worn)
Jewellery
 b - a +5 ring of protection (left hand)
 x - an uncursed ring of protection from cold
 y - an uncursed ring of protection from fire
 D - an uncursed amulet of regeneration
 E - a +4 ring of dexterity (right hand)
Wands
 k - a wand of acid (10)
 n - a wand of clouds (6)
 o - a wand of digging (20)
 q - a wand of paralysis (40)
 C - a wand of polymorph (42)
 G - a wand of scattershot (3)
Scrolls
 e - 2 scrolls of blinking
 g - 5 scrolls of fog
 j - 3 scrolls of fear
 l - 5 scrolls of teleportation
 p - a scroll of enchant weapon
 w - 2 scrolls of identify
 J - a scroll of enchant armour
 L - 2 scrolls of remove curse
Potions
 d - 3 potions of agility
 f - 5 potions of haste
 h - 3 potions of flight
 m - a potion of berserk rage {unknown}
 r - 8 potions of curing
 t - 2 potions of degeneration {unknown}
 u - 4 potions of heal wounds {unknown}
 v - a potion of brilliance {unknown}
 A - a potion of resistance {unknown}
 F - 3 potions of lignification
 I - a potion of cancellation {unknown}
Miscellaneous
 z - a phial of floods
 M - a lamp of fire
Comestibles
 c - 22 rations


   Skills:
 - Level 3.6 Fighting
 - Level 23.0 Axes
 * Level 6.6 Armour
 - Level 2.1 Dodging


You had 12 spell levels left.
You didn't know any spells.

Dungeon Overview and Level Annotations

Branches:
Dungeon (14/15)            Temple (0/1) D:4            Lair (0/6) D:11
    Orc (0/2) D:9          Vaults (0/5) D:13

Altars:
Cheibriados
Fedhas
Kikubaaqudgha
Okawaru
Ru
Wu Jian
Xom

Shops:
D:13 (

Annotations:
D:14 Sonja


Innate Abilities, Weirdness & Mutations

You reflexively headbutt those who attack you in melee.
You have a pair of horns on your head.


Message History

You feel less wooden.
Your +1 cloak unmelds from your body.
Your +0 pair of gloves unmelds from your body.
Your +0 pair of boots unmelds from your body.
Your +0 plate armour unmelds from your body.
Your deep troll bites the starcursed mass!!
The starcursed mass is destroyed!
Trog accepts your kill.
Your deep troll bites the starcursed mass!
Your deep troll claws the starcursed mass.
Your deep troll claws the starcursed mass!
The starcursed mass is destroyed!
Trog accepts your kill.
An orange demon comes into view.
You're still recovering from your berserk rage. x2
The starcursed mass engulfs you but does no damage.
The orange demon stings you from afar.
* * * LOW HITPOINT WARNING * * *
A chorus of shrieks assaults your mind.
You die...

## ... # ###.# #.#.
.. ..#.. .... .##
#....# .. .# #
.#.#..# ###...#.#..
. ....#..
#.#..#.##.. .
.....#.#####X#.#.#
.# #......T#.#.....X
##
###@####.....#.#...#
##X#..## ###...#..
4# #.... .## #.
#.### # ## .#. .# .
.# .# #


You could see 2 starcursed masses, an orange demon and a friendly deep troll
(berserk).

Vanquished Creatures
  Erolcha (D:10)
  A centaur warrior (D:14)
  2 two-headed ogres
  A queen ant (D:9)
  An unseen horror (D:11)
  A glowing orange brain (Abyss:1)
  A phantasmal warrior (Abyss:1)
  The ghost of Peterchen the Cleaver, a novice MiBe of Trog (D:6)
  3 ugly things (D:13)
  2 deep elf magi (D:13)
  A cyclops (D:12)
  4 centaur zombies
  Maurice (D:10)
  2 gargoyles
  4 centaur skeletons
  An efreet (Abyss:1)
  A kobold demonologist (D:13)
  A komodo dragon (D:11)
  An ancient zyme (Abyss:1)
  6 trolls
  2 polar bears (D:9)
  Grinder (D:4)
  3 slime creatures (D:12)
  A hippogriff (D:11)
  A vampire (D:13)
  2 small abominations (Abyss:1)
  A human (D:7)
  18 yaks
  3 wyverns
  3 hogs (D:7)
  Edmund (D:6)
  7 soldier ants (D:9)
  2 acid dragons
  2 water moccasins
  A black bear (D:9)
  3 ice beasts
  2 sky beasts
  A necrophage (D:8)
  A phantom (D:8)
  5 orc warriors
  2 eyes of draining
  8 ogres
  12 centaurs
  A wolf (D:9)
  6 big kobolds
  5 bullfrogs
  3 scorpions
  25 killer bees
  7 howler monkeys
  9 wights
  8 crimson imps
  4 quasits
  8 hounds
  12 orc priests
  4 bullfrog skeletons
  A jelly (D:10)
  18 orc wizards
  3 iguanas
  28 worker ants
  2 hound skeletons
  A killer bee simulacrum (D:9)
  A howler monkey zombie (D:6)
  A howler monkey skeleton (D:11)
  7 gnolls
  3 river rats
  14 adders
  2 shadow imps
  2 white imps (D:9)
  9 oozes (Sewer)
  2 adder skeletons
  7 worms
  4 leopard geckos
  55 orcs
  2 giant cockroaches
  3 hobgoblins
  4 jackals (D:5)
  5 quokkas
  3 ball pythons
  3 bats
  4 frilled lizards
  11 goblins
  17 kobolds
  A leopard gecko skeleton (D:4)
  11 rats
434 creatures vanquished.

Vanquished Creatures (collateral kills)
  A hydra (D:12)
  A meliai zombie (D:11)
  A wraith (D:11)
  4 yaks (D:11)
  An ogre (D:11)
  2 killer bees (D:11)
  6 starcursed masses (Abyss:1)
  An orc wizard (D:11)
  3 orcs (D:11)
20 creatures vanquished.

Vanquished Creatures (others)
  A crimson imp (D:9)
  10 plants (D:11)
11 creatures vanquished.

Grand Total: 465 creatures vanquished

Notes
Turn   | Place    | Note
-------+----------+-------------------------------------------
     0 | D:1      | Peterchen the Minotaur Berserker began the quest for the Orb.
     0 | D:1      | Reached XP level 1. HP: 19/19 MP: 0/0
   122 | D:1      | Reached skill level 4 in Axes
   418 | D:1      | Reached XP level 2. HP: 20/26 MP: 1/1
  1450 | D:2      | Reached skill level 5 in Axes
  1595 | D:3      | Reached ** piety under Trog
  1595 | D:3      | Reached XP level 3. HP: 11/31 MP: 2/2
  1599 | D:3      | Reached skill level 6 in Axes
  1599 | D:3      | Reached XP level 4. HP: 6/39 MP: 3/3
  2043 | D:3      | Noticed a centaur
  2051 | D:3      | Killed a centaur
  2051 | D:3      | Reached skill level 7 in Axes
  2051 | D:3      | Reached XP level 5. HP: 33/45 MP: 4/4
  3059 | D:3      | Reached skill level 8 in Axes
  3059 | D:3      | Reached XP level 6. HP: 34/51 MP: 5/5
  3363 | D:4      | Found a glowing drain.
  3369 | Sewer    | Entered a sewer
  3401 | Sewer    | Reached skill level 9 in Axes
  3743 | Sewer    | Reached XP level 7. HP: 57/57 MP: 6/6
  3786 | Sewer    | Reached *** piety under Trog
  3790 | Sewer    | Reached skill level 10 in Axes
  4073 | D:4      | Found a staircase to the Ecumenical Temple.
  4149 | D:4      | Noticed Grinder
  4172 | D:4      | Killed Grinder
  4172 | D:4      | Reached skill level 11 in Axes
  4218 | D:4      | Reached XP level 8. HP: 43/64 MP: 7/7
  4304 | D:4      | Reached skill level 12 in Axes
  4878 | D:5      | Entered Level 5 of the Dungeon
  4881 | D:5      | Reached **** piety under Trog
  5190 | D:5      | Reached skill level 13 in Axes
  5645 | D:6      | Noticed Peterchen's ghost (novice MiBe)
  5655 | D:6      | Killed Peterchen's ghost
  5655 | D:6      | Reached XP level 9. HP: 70/70 MP: 8/8
  5680 | D:6      | Found a sacrificial altar of Ru.
  5699 | D:6      | Noticed Edmund
  5714 | D:6      | Killed Edmund
  5714 | D:6      | Reached skill level 14 in Axes
  6583 | D:7      | Found an ornate altar of the Wu Jian Council.
  6602 | D:7      | Reached skill level 15 in Axes
  6932 | D:7      | Reached ***** piety under Trog
  7036 | D:7      | Reached skill level 16 in Axes
  7051 | D:7      | Reached XP level 10. HP: 53/77 MP: 9/9
  7351 | D:8      | Found an ancient bone altar of Kikubaaqudgha.
  7352 | D:8      | Found a blossoming altar of Fedhas.
  7352 | D:8      | Found an iron altar of Okawaru.
  7352 | D:8      | Found a shimmering altar of Xom.
  7664 | D:8      | Reached skill level 17 in Axes
  7667 | D:8      | Found an iron altar of Okawaru.
  8315 | D:9      | Found a staircase to the Orcish Mines.
  8331 | D:9      | You fall through a shaft!
  8331 | D:10     | Entered Level 10 of the Dungeon
  8394 | D:9      | Reached skill level 18 in Axes
  9047 | D:9      | Noticed a queen ant
  9061 | D:9      | Killed a queen ant
  9061 | D:9      | Reached XP level 11. HP: 81/81 MP: 10/10
  9073 | D:9      | Reached skill level 19 in Axes
  9542 | D:10     | Noticed Maurice
  9554 | D:10     | Killed Maurice
  9738 | D:10     | Received a gift from Trog
  9789 | D:10     | Noticed Erolcha
  9796 | D:10     | Killed Erolcha
  9948 | D:10     | Reached skill level 20 in Axes
 10016 | D:10     | Found a blossoming altar of Fedhas.
 10016 | D:10     | Noticed a two-headed ogre
 10026 | D:10     | Killed a two-headed ogre
 10049 | D:10     | Reached ****** piety under Trog
 10325 | D:11     | Noticed a two-headed ogre
 10332 | D:11     | Killed a two-headed ogre
 10353 | D:11     | Reached skill level 21 in Axes
 10356 | D:11     | Received a gift from Trog
 10368 | D:11     | Reached XP level 12. HP: 70/89 MP: 2/11
 10777 | D:11     | Found a staircase to the Lair.
 10865 | D:11     | Found a snail-covered altar of Cheibriados.
 11108 | D:12     | Noticed a five-headed hydra
 11111 | D:12     | Killed a five-headed hydra
 11312 | D:12     | Reached skill level 22 in Axes
 12306 | D:13     | Reached skill level 23 in Axes
 12371 | D:13     | Found Dubbyliaff's Antique Weapon Emporium.
 12550 | D:13     | Found a gate to the Vaults.
 12930 | D:14     | Noticed a centaur warrior
 12932 | D:14     | Noticed Sonja
 12937 | D:14     | Killed a centaur warrior
 12944 | D:14     | Reached XP level 13. HP: 86/94 MP: 12/12
 12960 | D:14     | Cast into level 1 of the Abyss (Sonja)
 13011 | Abyss:1  | Reached skill level 5 in Armour
 13125 | Abyss:1  | Noticed a starcursed mass
 13144 | Abyss:1  | Paralysed by accursed screaming for 1 turns
 13155 | Abyss:1  | HP: 4/95 [orange demon (4)]
 13155 | Abyss:1  | Killed from afar by a starcursed mass

Vault maps used:
D:1:      erik_arrival_cave_to_civilisation, kennysheep_nondescript
D:2:      first_ration, minmay_misc_feat_diagonals,
          minmay_misc_feat_more_columns
D:3:      item_on_display_a
D:4:      minmay_temple_entry_glassed_door, lightli_sewer_entry_pipes,
          hangedman_feature_mirror, hangedman_glass_teeth, uniq_grinder
D:6:      hangedman_ru_absence, uniq_edmund
D:7:      kennysheep_little_box, grunt_livestock, grunt_ministairs_2
D:8:      chequers_temple_overflow_statue_of_worship, okawaru_ov_weapons_minmay
D:9:      orc_0_dummy, serial_ice, serial_ice_e, serial_ice_n, serial_ice_l,
          serial_ice_h, zaba_antful_of_joy
D:10:     fedhas_bush_and_centaur_altar, uniq_erolcha, uniq_maurice
D:11:     david_lair_shrubbed, basic_altar
D:13:     david_vaults_1, serial_shops, shop
D:14:     grunt_decor_resistance, uniq_sonja
Abyss:1:  hangedman_abyss_mock_shop
Sewer:    sewer_co_tree

Skill      XL: |  1  2  3  4  5  6  7  8  9 10 11 12 13 |
---------------+----------------------------------------+-----
Axes           | 4 5 6 7 8 9 11 13 16 18 21 23 | 23.0
Armour         | 4 6 |  6.6
Fighting       | |  3.6
Dodging        | |  2.1

Action                   |  1- 3 |  4- 6 |  7- 9 | 10-12 | 13-15 || total
-------------------------+-------+-------+-------+-------+-------++-------
Melee: Hand axe          |    64 |   145 |   221 |       |       ||   430
       Headbutt          |     4 |    21 |    57 |   140 |     7 ||   229
       Battleaxe         |       |       |    97 |   772 |    28 ||   897
Invok: Berserk           |     1 |     3 |     3 |    15 |     1 ||    23
       Trog's Hand       |       |       |       |     1 |       ||     1
       Brothers in Arms  |       |       |       |     3 |     2 ||     5
  Use: Scroll            |       |       |    10 |     6 |     2 ||    18
       Potion            |       |       |       |       |     2 ||     2
 Stab: Sleeping          |     1 |       |       |       |       ||     1
       Distracted        |       |       |       |     1 |       ||     1
  Eat: Chunk             |     2 |     8 |    10 |    19 |       ||    39
       Ration            |       |     1 |     1 |     4 |     1 ||     7
Armor: Animal skin       |     6 |     3 |       |       |       ||     9
       Chain mail        |       |    42 |    41 |       |       ||    83
       Plate armour      |       |       |   104 |   614 |    17 ||   735
Dodge: Dodged            |    36 |    49 |    65 |   284 |    13 ||   447
Block: Buckler           |     4 |     7 |    22 |       |       ||    33

Table legend:
 A = Spawn XP
 B = Non-spawn XP
 C = Spawn XP percentage of total XP
 D = Spawn monster count
 E = Non-spawn monster count
 F = Spawn count percentage of total count
 G = Total turns spent on level
                    A         B        C        D         E        F      G
               +---------+---------+-------+---------+---------+-------+---------
         Total |    2451 |   38466 |   6.0 |       7 |     448 |   1.5 | 13155
               +---------+---------+-------+---------+---------+-------+---------
           D:1 |       0 |      13 |   0.0 |       0 |      10 |   0.0 |   796
           D:2 |       0 |      23 |   0.0 |       0 |      15 |   0.0 |   773
           D:3 |       0 |     443 |   0.0 |       0 |      19 |   0.0 |  1693
           D:4 |       0 |    1103 |   0.0 |       0 |      39 |   0.0 |  1069
           D:5 |       0 |     286 |   0.0 |       0 |      13 |   0.0 |   765
           D:6 |       0 |    1485 |   0.0 |       0 |      18 |   0.0 |   775
           D:7 |       0 |    1902 |   0.0 |       0 |      31 |   0.0 |   708
           D:8 |       0 |    1541 |   0.0 |       0 |      43 |   0.0 |  1436
           D:9 |       0 |    5628 |   0.0 |       0 |      58 |   0.0 |   967
          D:10 |       0 |    5162 |   0.0 |       0 |      42 |   0.0 |   764
          D:11 |       0 |    7343 |   0.0 |       0 |      58 |   0.0 |   664
          D:12 |       0 |    4594 |   0.0 |       0 |      32 |   0.0 |   735
          D:13 |       0 |    6953 |   0.0 |       0 |      31 |   0.0 |  1211
          D:14 |       0 |    1359 |   0.0 |       0 |       5 |   0.0 |    57
       Abyss:1 |    2451 |     263 |  90.3 |       7 |       6 |  53.8 |   195
         Sewer |       0 |     368 |   0.0 |       0 |      28 |   0.0 |   547
               +---------+---------+-------+---------+---------+-------+---------
